 Dungeon Crawl Stone Soup version 0.31-a0-1074-g0b22e4e0f1 (webtiles) character file.

Game seed: 7053392949551986421

39 horus123 the Magician (level 3, -2/26 HPs)
             Began as a Demigod Earth Elementalist on Dec 1, 2023.
             Slain by a gnoll
             ... wielding a +0 whip
              (4 damage)
             ... on level 2 of the Dungeon.
             The game lasted 00:01:24 (1049 turns).

horus123 the Magician (Demigod Earth Elementalist)  Turns: 1049, Time: 00:01:24

Health: -2/26      AC:  2    Str:  9    XL:     3   Next: 13%
Magic:  4/10       EV: 12    Int: 21    God:
Gold:   35         SH:  0    Dex: 14    Spells: 7/8 levels left

rFire   . . .        e - +0 short sword
rCold   . . .        (no shield)
rNeg    . . .        a - +0 robe
rPois   .            (no helmet)
rElec   .            (no cloak)
rCorr   .            (no gloves)
SInv    .            (no boots)
Will    .....        (no amulet)
Stlth   ++           (no ring)
HPRegen 0.24/turn    (no ring)
MPRegen 0.12/turn

%: no passive effects
@: no status effects
A: high MP 1, forlorn, divine attributes
a: no special abilities


You were on level 2 of the Dungeon.
You visited 1 branch of the dungeon, and saw 2 of its levels.

You collected 35 gold pieces.

Inventory:

Hand Weapons
 e - a +0 short sword (weapon)
Armour
 a - a +0 robe (worn)
Scrolls
 c - a scroll of identify {unknown}
 d - a scroll of teleportation {unknown}
 g - a scroll of amnesia {unknown}
Potions
 b - a potion of magic
 f - a potion of brilliance {unknown}
 h - 3 potions of curing {unknown}
 i - a potion of heal wounds {unknown}


   Skills:
 - Level 1.7 Dodging
 - Level 1.7 Stealth
 - Level 3.0 Spellcasting
 - Level 0.8 Transmutations
 + Level 3.0 Earth Magic


You had 7 spell levels left.
You knew the following spells:

 Your Spells              Type           Power      Damage    Failure   Level
a - Sandblast             Erth           30%        2d9       3%          1

Your spell library contained the following spells:

 Spells                   Type           Power      Damage    Failure   Level
 Passwall                 Tmut/Erth      9%         N/A       9%          2
 Stone Arrow              Conj/Erth      18%        3d8       22%         3
 Petrify                  Tmut/Erth      11%        N/A       52%         4
 Brom's Barrelling Bould  Conj/Erth      9%         2d3       56%         4


Dungeon Overview and Level Annotations

Branches:
Dungeon (2/15)


Innate Abilities, Weirdness & Mutations

You have an increased reservoir of magic. (+10% MP)
You shall have no god before yourself.
Your divine heritage dramatically boosts your attributes as you level up.


Message History

A gnoll comes into view. It is wielding a +0 flail.
The ball python hisses angrily.
The gnoll shouts!
A gnoll comes into view. It is wielding a +0 spear.
The gnoll shouts!
You can't see any susceptible monsters within range! (Use Z to cast anyway.)
A gnoll comes into view. It is wielding a +0 whip.
The gnoll shouts!
The blast of sand hits the ball python!
You kill the ball python!
The blast of sand hits the gnoll!
The gnoll is almost dead.
The gnoll closely misses you.
The blast of sand hits the gnoll.
The gnoll is heavily wounded.
The gnoll closely misses you. x2; The gnoll misses you.
The gnoll closely misses you.
The blast of sand hits the gnoll!
You kill the gnoll!
The gnoll closely misses you. The gnoll misses you.
Your Earth Magic skill increases to level 3!
You have reached level 3!
Your experience leads to a dramatic increase in your attributes!
Increase (S)trength, (I)ntelligence, or (D)exterity?
You feel clever. x4
The blast of sand hits the gnoll.
The gnoll is lightly wounded.
The gnoll hits you from afar with a +0 spear.
The gnoll closely misses you. The gnoll barely misses you. x2
The blast of sand misses the gnoll.
The gnoll hits you from afar with a +0 spear!
The gnoll hits you with a +0 whip!
* * * LOW HITPOINT WARNING * * *
Okay, then.
The gnoll attacks as it pursues you!
The gnoll hits you from afar with a +0 spear.
* * * LOW HITPOINT WARNING * * *
The gnoll attacks as it pursues you! The gnoll closely misses you.
The gnoll attacks as it pursues you! The gnoll closely misses you.
The gnoll attacks as it pursues you! The gnoll hits you with a +0 whip.
You die...

.†.........).#
.>.##........# ##
...##........# ...
...##........# ....
....#........##
.....
....####.##...#
####...... ....#
#.##...######..)..#
#+###
#.##...#....g.....#
##.##...#.@g......(#
...................#
##.##..............#
# ####........####
#>.......#
#........#
#.(........
#+#+####...


You could see 2 gnolls.

Vanquished Creatures
  A gnoll (D:2)
  A worm (D:2)
  A dart slug (D:2)
  3 ball pythons
  2 endoplasms
  2 giant cockroaches (D:1)
  3 hobgoblins
  3 bats (D:1)
  2 goblins (D:1)
  3 kobolds (D:1)
  3 rats
24 creatures vanquished.

Notes
Turn   | Place    | Note
-------+----------+-------------------------------------------
     0 | D:1      | horus123 the Demigod Earth Elementalist began the quest for
                  | the Orb.
     0 | D:1      | Reached XP level 1. HP: 14/14 MP: 5/5
   315 | D:1      | Reached XP level 2. HP: 20/20 MP: 2/8
  1043 | D:2      | Reached XP level 3. HP: 26/26 MP: 5/10
  1045 | D:2      | HP: 1/26 [gnoll/+0 spear (5)]
  1049 | D:2      | Slain by a gnoll

Illustrated notes

Levels and vault maps discovered:
D:1:      lightli_arrival_maybe_door_vault, layout_loops_ring
D:2:      layout_basic, serial_shops, shop, basic_altar

Skill      XL: |  1  2 |
---------------+-------+-----
Spellcasting   | 2 3 |  3.0
Earth Magic    | 3 |  3.0
Dodging        | |  1.7
Stealth        | |  1.7
Transmutations | |  0.8

Action                     || total
---------------------------++-------
  Melee: Short sword       ||     1
   Cast: Sandblast         ||    41
 Armour: Robe              ||     6
  Dodge: Dodged            ||    21

Table legend: (Time is in decaauts)
 A = Elapsed time spent in this place.
 B = Non-inter-level travel time spent in this place.
 C = Inter-level travel time spent in this place.
 D = Time resting spent in this place.
 E = Time spent auto-exploring this place.
 F = Levels seen in this place.
 G = Mean time per level.
                   A        B        C        D        E       F      G
               +--------+--------+--------+--------+--------+-----+--------+
         Total |   1068 |   1050 |     18 |      0 |    918 |   2 |  534.0 |
       Dungeon |   1068 |   1050 |     18 |      0 |    918 |   2 |  534.0 |
               +--------+--------+--------+--------+--------+-----+--------+

Top non-repeatable levels by time:
     D:1: 921 daAuts
     D:2: 147 daAuts
